 Dungeon Crawl Stone Soup version 0.30.1-9-gdf580d7c3d (webtiles) character file.

Game seed: 3158328641273888757

56 Lobotomite the Gusty (level 4, -2/28 HPs)
             Began as a Meteoran Wanderer on Oct 1, 2023.
             Killed from afar by Sigmund (4 damage)
             ... with a puff of flame
             ... on level 3 of the Dungeon.
             The game lasted 00:22:06 (1446 turns).

Lobotomite the Gusty (Meteoran Wanderer)            Turns: 1446, Time: 00:22:06

Health: -2/28      AC:  2    Str: 15    XL:     4   Next: 37%
Magic:  3/9        EV: 11    Int: 15    God:
Gold:   89         SH:  0    Dex: 12    Spells: 5/8 levels left

rFire   . . .        p - +2 dagger (drain)
rCold   . . .        (no shield)
rNeg    . . .        e - +0 robe
rPois   .            (no helmet)
rElec   .            (no cloak)
rCorr   .            (no gloves)
SInv    .            (no boots)
Will    .....        (no amulet)
Stlth   +            m - ring of wizardry
HPRegen 0.24/turn    (no ring)
MPRegen 0.11/turn

%: wizardry (x1)
@: glowing
A: sense surroundings 1, otherworldly, glowing, explore regen
a: no special abilities


You were on level 3 of the Dungeon.
You visited 1 branch of the dungeon, and saw 3 of its levels.

You collected 89 gold pieces.

Inventory:

Hand Weapons
 a - a +0 short sword
 c - a +0 dagger
 p - a +2 dagger of draining (weapon)
 r - a +1 dagger of venom
Missiles
 b - 7 boomerangs (quivered)
Armour
 e - a +0 robe (worn)
Jewellery
 m - a ring of wizardry (left hand)
Scrolls
 f - 2 scrolls of identify {unknown}
 i - a scroll of silence {unknown}
 j - a scroll of blinking {unknown}
 n - a scroll of teleportation {unknown}
 o - a scroll of enchant weapon {unknown}
Potions
 d - a potion of heal wounds
 g - 2 potions of brilliance {unknown}
 h - a potion of curing {unknown}
 k - a potion of flight {unknown}
 l - a potion of resistance {unknown}
 q - a potion of degeneration {unknown}
 s - a potion of might {unknown}


   Skills:
 + Level 1.5 Fighting
 + Level 4.2 Short Blades
 + Level 1.2 Throwing
 + Level 1.0 Dodging
 + Level 2.8 Spellcasting
 + Level 0.2 Conjurations
 + Level 4.2 Air Magic


You had 5 spell levels left.
You knew the following spells:

 Your Spells              Type           Power      Damage    Failure   Level
a - Shock                 Conj/Air       32%        1d5       3%          1
b - Blink                 Tloc           4%         N/A       12%         2

Your spell library contained the following spells:

 Spells                   Type           Power      Damage    Failure   Level
 Lesser Beckoning         Tloc           4%         N/A       12%         2
 Momentum Strike          Conj/Tloc      4%         3d8       12%         2
 Mephitic Cloud           Conj/Pois/Air  6%         N/A       13%         3
 Airstrike                Air            7%         2d(2-18)  14%         4


Dungeon Overview and Level Annotations

Branches:
Dungeon (3/15) Zot: 565

Altars:
Sif Muna

Annotations:
D:3 Sigmund


Innate Abilities, Weirdness & Mutations

You passively map a small area around you.
You are easily found by Zot.
You glow in the dark.
You regain HP and MP as you explore.


Message History

Aiming: Shock (safe; 3% risk of failure)
Press: ? - help, Shift-Dir - straight line, f/p - Sigmund
Aim: Sigmund, wielding a +0 scythe and wearing a +0 robe (moderately wounded, 64% to hit)
The zap hits Sigmund.
Sigmund is moderately wounded.
Sigmund hits you from afar with a +0 scythe.
Casting: Shock (safe; 3% risk of failure)
Confirm with . or Enter, or press ? or * to list all spells.
Aiming: Shock (safe; 3% risk of failure)
Press: ? - help, Shift-Dir - straight line, f/p - Sigmund
Aim: Sigmund, wielding a +0 scythe and wearing a +0 robe (moderately wounded, 64% to hit)
The zap hits Sigmund but does no damage.
Sigmund is moderately wounded.
Casting: Shock (safe; 3% risk of failure)
Confirm with . or Enter, or press ? or * to list all spells.
Aiming: Shock (safe; 3% risk of failure)
Press: ? - help, Shift-Dir - straight line, f/p - Sigmund
Aim: Sigmund, wielding a +0 scythe and wearing a +0 robe (moderately wounded, 64% to hit)
The zap hits Sigmund but does no damage.
Sigmund is moderately wounded.
Sigmund hits you from afar with a +0 scythe!
You feel stable enough to blink again. Sigmund gestures at you while chanting.
The magic dart hits you!
Sigmund casts a spell.
Sigmund flickers and vanishes!
Deactivating autopickup; reactivate with Ctrl-A.
You hear some strange, mumbled words.
Something tries to affect you, but you resist.
A magic dart appears from out of thin air!
The magic dart hits you.
* * * LOW HITPOINT WARNING * * *
You see here a +0 dagger.
A magic dart appears from out of thin air!
The magic dart hits you.
* * * LOW HITPOINT WARNING * * *
Something tries to affect you, but you resist.
A puff of flame appears from out of thin air!
The puff of flame hits you.
You die...

..................#
#.##.#.########...#,
.............# #.##
######.#####.# #.#
,_, #.# ,* #.##* #.#
* ..., #.# * #.#
#.#########.#
#...{).....@#
#############


There were no monsters in sight!

Vanquished Creatures
  An adder (D:2)
  A worm (D:2)
  4 ball pythons
  3 endoplasms
  5 giant cockroaches
  10 goblins
  A hobgoblin (D:1)
  2 quokkas
  5 bats
  4 frilled lizards
  3 kobolds
  A rat (D:1)
40 creatures vanquished.

Notes
Turn   | Place    | Note
-------+----------+-------------------------------------------
     0 | D:1      | Lobotomite the Meteoran Wanderer began the quest for the
                  | Orb.
     0 | D:1      | Lobotomite set off with the following items: a +0 short
                  | sword, 7 boomerangs, a +0 dagger, a potion of heal wounds,
                  | a +0 robe; and the following spell memorised: Shock; and
                  | the following spells available to memorise: Mephitic Cloud,
                  | Airstrike.
     0 | D:1      | Reached XP level 1. HP: 16/16 MP: 5/5
   111 | D:1      | Reached XP level 2. HP: 23/23 MP: 6/6
   506 | D:1      | Glimpsed the power of Zot.
   556 | D:1      | Glimpsed the power of Zot.
   596 | D:1      | Glimpsed the power of Zot.
   606 | D:1      | Touched by the power of Zot.
   629 | D:2      | Reached XP level 3. HP: 6/22 MP: 8/8
   847 | D:2      | Reached XP level 4. HP: 12/28 MP: 9/9
  1210 | D:2      | Found a faded altar of an unknown god.
  1227 | D:2      | Reached skill level 1 in Dodging
  1311 | D:2      | Glimpsed the power of Zot.
  1362 | D:2      | Glimpsed the power of Zot.
  1390 | D:3      | Learned a level 2 spell: Blink
  1414 | D:3      | Found a shimmering blue altar of Sif Muna.
  1415 | D:3      | Noticed Sigmund
  1442 | D:3      | HP: 1/28 [something/magic dart (5)]
  1446 | D:3      | Killed from afar by Sigmund

Illustrated notes

Levels and vault maps discovered:
D:1:      lightli_arrival_windingriver, layout_basic, st_stairs_12,
          kennysheep_decorative_pillar
D:2:      layout_loops_ring, serial_bayou, serial_bayou_crossing,
          serial_bayou_shore_b, serial_bayou_pond_e, serial_bayou_pond_a,
          basic_ecumenical_altar, minmay_surrounded
D:3:      layout_loops_ring, mainiacjoe_overflow_brackets, serial_shops, shop,
          kennysheep_orc_chapel, uniq_sigmund

Skill      XL: |  1  2  3  4 |
---------------+-------------+-----
Air Magic      | 4 |  4.2
Short Blades   | 4 |  4.2
Dodging        | 1 |  1.0
Fighting       | |  1.5
Throwing       | |  1.2
Spellcasting   | |  2.8
Conjurations   | |  0.2

Action                     |  1- 3 |  4- 6 || total
---------------------------+-------+-------++-------
  Melee: Short sword       |    83 |       ||    83
         Punch             |     2 |       ||     2
         Dagger            |       |    20 ||    20
  Throw: Boomerang         |       |     2 ||     2
   Cast: Shock             |    21 |    13 ||    34
         Blink             |       |     1 ||     1
 Armour: Robe              |    18 |     2 ||    20
  Dodge: Dodged            |    37 |    11 ||    48
